 Dungeon Crawl Stone Soup version 0.28.0-53-g5a82cb258f (webtiles) character file.

Game seed: 18106202630140321848

296 jjjjhere the Grasshopper (level 6, -1/51 HPs)
             Began as a Gnoll Warper on Oct 15, 2022.
             Was an Initiate of Ru.
             Slain by Menkaure (20 damage)
             ... on level 4 of the Dungeon.
             The game lasted 00:05:52 (4193 turns).

jjjjhere the Grasshopper (Gnoll Warper)             Turns: 4193, Time: 00:05:53

Health: -1/51      AC:  4    Str: 10    XL:     6   Next: 34%
Magic:  14/14      EV: 14    Int: 14    God:    Ru [......]
Gold:   161        SH:  0    Dex: 18    Spells: 9/15 levels left

rFire   . . .      SeeInvis .   a - +0 dagger (elec)
rCold   . . .      Faith    .   (no shield)
rNeg    . . .      Spirit   .   i - +0 leather armour
rPois   .          Reflect  .   (no helmet)
rElec   .          Harm     .   (no cloak)
rCorr   .          Rampage  .   (no gloves)
Will    .....                   g - +0 pair of boots
Stlth   ++........              (no amulet)
HPRegen 0.17/turn               f - +6 ring of dexterity
MPRegen 0.14/turn               (no ring)

@: no status effects
A: fangs 1, strong nose, distributed training
a: Renounce Religion


You were on level 4 of the Dungeon.
You worshipped Ru.
Ru was noncommittal.
You visited 1 branch of the dungeon, and saw 4 of its levels.

You collected 161 gold pieces.

Inventory:

Hand Weapons
 a - a +0 dagger of electrocution (weapon)
 b - a +0 hunting sling
 k - a +0 spear
 q - a +0 rapier
 w - a +0 dagger of draining
Missiles
 d - 5 boomerangs of dispersal (quivered)
 j - 102 stones
 l - 62 sling bullets
Armour
 g - a +0 pair of boots (worn)
 i - a +0 leather armour (worn)
Jewellery
 f - a +6 ring of dexterity (left hand)
 h - a +4 ring of evasion
 u - an amulet of regeneration
Scrolls
 c - a scroll of blinking
 m - a scroll of teleportation {unknown}
 n - a scroll of enchant armour {unknown}
 p - a scroll of amnesia
 r - a scroll of fear {unknown}
 v - a scroll of identify
Potions
 e - 3 potions of curing
 o - 3 potions of heal wounds
 s - a potion of brilliance {unknown}
 t - 2 potions of lignification {unknown}


   Skills:
 + Level 5.0 Fighting
 + Level 1.9 Short Blades
 + Level 1.9 Long Blades
 + Level 1.9 Axes
 + Level 1.9 Maces & Flails
 + Level 5.0 Polearms
 + Level 1.9 Staves
 + Level 1.9 Slings
 + Level 1.9 Bows
 + Level 1.9 Crossbows
 + Level 3.2 Throwing
 + Level 3.2 Armour
 + Level 5.0 Dodging
 + Level 1.9 Stealth
 + Level 1.9 Shields
 + Level 1.9 Unarmed Combat
 + Level 5.3 Spellcasting
 + Level 1.5 Conjurations
 + Level 1.5 Hexes
 + Level 1.5 Summonings
 + Level 1.5 Necromancy
 + Level 5.6 Translocations
 + Level 1.5 Transmutations
 + Level 1.5 Fire Magic
 + Level 1.5 Ice Magic
 + Level 1.5 Air Magic
 + Level 1.5 Earth Magic
 + Level 1.5 Poison Magic
 + Level 2.1 Invocations
 + Level 1.9 Evocations


You had 9 spell levels left.
You knew the following spells:

 Your Spells              Type           Power      Damage    Failure   Level
a - Blink                 Tloc           38%        N/A       3%          2
b - Ensorcelled Hibernat  Hex/Ice        16%        N/A       19%         2
c - Passwall              Tmut/Erth      6%         N/A       19%         2

Your spell library contained the following spells:

 Spells                   Type           Power      Damage    Failure   Level
 Gell's Gravitas          Tloc           19%        N/A       6%          3
 Lesser Beckoning         Tloc           19%        N/A       6%          3
 Teleport Other           Tloc           19%        N/A       6%          3
 Shock                    Conj/Air       32%        1d5       12%         1
 Summon Small Mammal      Summ           32%        N/A       12%         1
 Portal Projectile        Hex/Tloc       26%        N/A       16%         3
 Call Canine Familiar     Summ           8%         N/A       34%         3
 Ozocubu's Armour         Ice            8%         N/A       34%         3
 Summon Guardian Golem    Hex/Summ       8%         N/A       34%         3
 Swiftness                Air            8%         N/A       34%         3
 Manifold Assault         Tloc           19%        N/A       52%         5
 Airstrike                Air            4%         N/A       75%         4
 Blade Hands              Tmut           4%         N/A       97%         5
 Excruciating Wounds      Necr           4%         N/A       97%         5
 Metabolic Englaciation   Hex/Ice        4%         N/A       97%         5
 Simulacrum               Ice/Necr       4%         N/A       100%        6


Dungeon Overview and Level Annotations

Branches:
Dungeon (4/15)
 Temple: D:4-7

Altars:
Ru

Annotations:
D:4 Menkaure


Innate Abilities, Weirdness & Mutations

You have very sharp teeth.
Your uncanny sense of smell can sniff out nearby items.
Your experience applies equally to all skills.


Message History

You shoot a sling bullet. The sling bullet hits Menkaure.
Menkaure is heavily damaged.
A kobold comes into view. It is wielding a +0 dagger.
Menkaure calls on the powers of darkness!
Your body is wracked with pain!
You are too injured to fight recklessly!
Menkaure forgets how to speak, silenced by the ages.
Menkaure calls on the powers of darkness!
Your body is wracked with pain!
* * * LOW HITPOINT WARNING * * *
There is a stone staircase leading up here.
You climb upwards.
There is a stone staircase leading down here.
Unknown command.
You start resting.
HP restored.
You climb downwards.
Level annotation: Menkaure
There is a stone staircase leading up here.
You hear the crackle of electricity.
a - a +0 dagger of electrocution (weapon)
No target in view!
Menkaure barely misses you.
You hit Menkaure.
Menkaure is lightly damaged.
You hit Menkaure.
Menkaure is lightly damaged.
Menkaure calls on the powers of darkness!
Your body is wracked with pain!
You closely miss Menkaure.
Menkaure is lightly damaged.
Menkaure mumbles some strange words.
Menkaure seems to speed up.
You closely miss Menkaure.
Menkaure is lightly damaged.
Menkaure hits you!
You hit Menkaure but do no damage.
Menkaure is lightly damaged.
Menkaure hits you!!
You die...

# #.#)#######.#.#
# #[#.# #.#.#
########.#.#####
#.#.#
+..............#
#.#.#
#####.......##.#
#.#.# +
+........#.###.#.#
#
#........#.#.....#
#
####.....#.#M#.###
# #.....#.#@#.# #
#.....#.#.#.#
#.......#.#.#
#.........#.#
#.....###.#.#
#........<..#
#.##..###.###
#....># #.#
#####.# #.#


You could see Menkaure (fast).

Vanquished Creatures
  A phantom (D:4)
  Blork the orc (D:4)
  An orc wizard (D:3)
  Robin (D:2)
  3 adders
  2 worms
  2 orcs
  6 endoplasms
  6 giant cockroaches
  16 goblins
  9 hobgoblins
  3 jackals (D:2)
  2 quokkas
  3 ball pythons
  7 bats
  6 frilled lizards
  10 kobolds
  7 rats
86 creatures vanquished.

Notes
Turn   | Place    | Note
-------+----------+-------------------------------------------
     0 | D:1      | jjjjhere the Gnoll Warper began the quest for the Orb.
     0 | D:1      | Reached XP level 1. HP: 20/20 MP: 6/6
   147 | D:1      | Found a faded altar of an unknown god.
   346 | D:1      | Reached XP level 2. HP: 24/26 MP: 7/7
   906 | D:1      | Reached XP level 3. HP: 31/31 MP: 9/9
   947 | D:1      | Reached skill level 5 in Spellcasting
  1368 | D:2      | Reached skill level 1 in Invocations
  1676 | D:2      | Noticed Robin
  1778 | D:2      | Reached skill level 1 in Short Blades
  1778 | D:2      | Reached skill level 1 in Long Blades
  1778 | D:2      | Reached skill level 1 in Axes
  1778 | D:2      | Reached skill level 1 in Maces & Flails
  1778 | D:2      | Reached skill level 1 in Staves
  1778 | D:2      | Reached skill level 1 in Slings
  1778 | D:2      | Reached skill level 1 in Bows
  1778 | D:2      | Reached skill level 1 in Crossbows
  1778 | D:2      | Reached skill level 1 in Stealth
  1778 | D:2      | Reached skill level 1 in Shields
  1778 | D:2      | Reached skill level 1 in Unarmed Combat
  1778 | D:2      | Reached skill level 1 in Evocations
  1925 | D:2      | Killed Robin
  1926 | D:2      | Reached XP level 4. HP: 38/38 MP: 11/11
  2036 | D:2      | Learned a level 2 spell: Blink
  2138 | D:2      | HP: 12/38 [worm (7)]
  2533 | D:3      | Reached skill level 1 in Conjurations
  2533 | D:3      | Reached skill level 1 in Hexes
  2533 | D:3      | Reached skill level 1 in Summonings
  2533 | D:3      | Reached skill level 1 in Necromancy
  2533 | D:3      | Reached skill level 1 in Transmutations
  2533 | D:3      | Reached skill level 1 in Fire Magic
  2533 | D:3      | Reached skill level 1 in Ice Magic
  2533 | D:3      | Reached skill level 1 in Air Magic
  2533 | D:3      | Reached skill level 1 in Earth Magic
  2533 | D:3      | Reached skill level 1 in Poison Magic
  2926 | D:3      | Reached XP level 5. HP: 37/43 MP: 12/12
  3077 | D:3      | Found a sacrificial altar of Ru.
  3242 | D:3      | Became a worshipper of Ru the Awakened
  3507 | D:4      | Learned a level 2 spell: Ensorcelled Hibernation
  3510 | D:4      | Learned a level 2 spell: Passwall
  3576 | D:4      | Identified the +1 scale mail of Rudo {rElec rF- Dex+2}
  3593 | D:4      | Noticed Blork the orc
  3604 | D:4      | HP: 8/43 [Blork the orc/+0 halberd (11)]
  3605 | D:4      | Killed Blork the orc
  3845 | D:4      | Reached XP level 6. HP: 48/50 MP: 13/13
  3931 | D:4      | Reached skill level 5 in Fighting
  3931 | D:4      | Reached skill level 5 in Polearms
  3931 | D:4      | Reached skill level 5 in Dodging
  3970 | D:4      | Noticed Menkaure
  3974 | D:4      | HP: 15/51 [??? (12)]
  4193 | D:4      | Slain by Menkaure

Illustrated notes

Levels and vault maps discovered:
D:1:      co_arrival_random_square_maze, layout_loops_ring,
          dreamdust_ecumenical_altar_grove, minmay_pentomino_t4
D:2:      layout_basic, uniq_robin
D:3:      layout_loops_cross, nicolae_ru_great_annihilating_truth
D:4:      layout_basic, minmay_misc_feat_doors, uniq_menkaure,
          uniq_blork_the_orc

Skill      XL: |  1  2  3  4  5  6 |
---------------+-------------------+-----
Spellcasting   | 5 |  5.3
Invocations    | 1 2 |  2.1
Short Blades   | 1 |  1.9
Long Blades    | 1 |  1.9
Axes           | 1 |  1.9
Maces & Flails | 1 |  1.9
Staves         | 1 |  1.9
Slings         | 1 |  1.9
Bows           | 1 |  1.9
Crossbows      | 1 |  1.9
Stealth        | 1 |  1.9
Shields        | 1 |  1.9
Unarmed Combat | 1 |  1.9
Evocations     | 1 |  1.9
Conjurations   | 1 |  1.5
Hexes          | 1 |  1.5
Summonings     | 1 |  1.5
Necromancy     | 1 |  1.5
Transmutations | 1 |  1.5
Fire Magic     | 1 |  1.5
Ice Magic      | 1 |  1.5
Air Magic      | 1 |  1.5
Earth Magic    | 1 |  1.5
Poison Magic   | 1 |  1.5
Throwing       | 3 |  3.2
Armour         | 3 |  3.2
Fighting       | 5 |  5.0
Polearms       | 5 |  5.0
Dodging        | 5 |  5.0
Translocations | |  5.6

Action                   |  1- 3 |  4- 6 || total
-------------------------+-------+-------++-------
Melee: Spear             |    84 |    47 ||   131
       Bite              |    12 |     7 ||    19
       Punch             |     3 |     1 ||     4
       Rapier            |       |    14 ||    14
       Dagger            |       |    11 ||    11
 Fire: Hunting sling     |    65 |   122 ||   187
 Cast: Ensorcelled Hiber |       |     1 ||     1
  Use: Scroll            |       |     4 ||     4
       Potion            |       |     1 ||     1
Armor: Leather armour    |    16 |    17 ||    33
Dodge: Dodged            |    46 |    62 ||   108
